 Dungeon Crawl Stone Soup version 0.31-a0-210-gccc998df9b (webtiles) character file.

Game seed: 16647959806232669677

28 qw the Shield-Bearer (level 3, -6/23 HPs)
             Began as a Gargoyle Fighter on June 29, 2023.
             Mangled by Sigmund
             ... wielding a +3 scythe of flaming
              (8 damage)
             ... on level 2 of the Dungeon.
             The game lasted 00:00:31 (1058 turns).

qw the Shield-Bearer (Gargoyle Fighter)             Turns: 1058, Time: 00:00:31

Health: -6/23      AC: 10    Str: 21    XL:     3   Next: 14%
Magic:  3/3        EV:  9    Int:  8    God:
Gold:   27         SH:  4    Dex:  9    Spells: 2/2 levels left

rFire   . . .        Y - +0 war axe
rCold   . . .        c - +0 buckler
rNeg    + . .        b - +0 scale mail
rPois   inf          (no helmet)
rElec   +            (no cloak)
rCorr   .            (no gloves)
SInv    .            (no boots)
Will    .....        n - amulet of faith Stlth
                     (no ring)
HPRegen 0.23/turn    (no ring)
MPRegen 0.08/turn

%: faith
@: no status effects
A: sickness immunity, AC +3, negative energy resistance 1, electricity
resistance, torment resistance 1, petrification resistance
a: no special abilities


You were on level 2 of the Dungeon.
You visited 1 branch of the dungeon, and saw 2 of its levels.

You collected 27 gold pieces.


Innate Abilities, Weirdness & Mutations

You are immune to sickness and miasma.
Your stone body is resilient. (AC +3)
You are immune to poison.
You resist negative energy. (rN+)
You are resistant to electric shocks. (rElec)
You are resistant to unholy torment.
You are immune to petrification.


   Skills:
 - Level 3.2 Fighting
 + Level 3.2 Axes
 - Level 3.2 Armour
 - Level 3.2 Shields


You had 2 spell levels left.
You didn't know any spells.
Your spell library was empty.

Inventory:

Hand Weapons
 i - a +0 mace
 Y - a +0 war axe (weapon)
Armour
 b - a +0 scale mail (worn)
 c - a +0 buckler (worn)
Jewellery
 n - an amulet of faith (around neck)
Scrolls
 a - a scroll of identify
Potions
 d - a potion of might
 e - a potion of attraction
 h - a potion of brilliance {unknown}
 j - a potion of magic
 m - a potion of heal wounds {unknown}

Dungeon Overview and Level Annotations

Branches:
Dungeon (2/15)

Altars:

Annotations:
D:2 Sigmund


Message History

HP restored.
Found a short sword.
You flicker for a moment.
You see here a +0 short sword.
A frilled lizard comes into view.
The frilled lizard hisses angrily.
You flicker back into view.
The frilled lizard hisses angrily.
You barely miss the frilled lizard. You block the frilled lizard's attack.
You hit the frilled lizard.
You kill the frilled lizard!
Found a robe.
Sigmund the Dreaded comes into view.
He is wielding a +3 scythe of flaming.
1048 ||| Stepping ~*~*~tactically~*~*~ (hiding).
You start waiting.
Sigmund is nearby!
Sigmund barely misses you.
Found 3 stones.
Sigmund points at you and mumbles some strange words.
The magic dart hits you!
You barely miss Sigmund.
Sigmund hits you with a +3 scythe of flaming!
Sigmund burns you.
You closely miss Sigmund. Sigmund hits you but does no damage.
You barely miss Sigmund. Sigmund hits you but does no damage.
You barely miss Sigmund.
Sigmund hits you with a +3 scythe of flaming.
Sigmund burns you.
You completely miss Sigmund. Sigmund hits you but does no damage.
You hit Sigmund.
Sigmund is lightly wounded.
Sigmund hits you but does no damage.
You hit Sigmund.
Sigmund is lightly wounded.
Sigmund hits you with a +3 scythe of flaming!
You die...

## (# .###
####...##
#.......## #
#.#.......
#.##[#@....#
#....@....#
####.######
#.# #.######
#......#
#.####.#
#...##.#
#.#....#
#.###..#


You could see Sigmund.

Vanquished Creatures
  A dart slug (D:2)
  A giant cockroach (D:2)
  3 goblins (D:1)
  4 hobgoblins (D:1)
  3 jackals (D:1)
  4 kobolds (D:1)
  3 ball pythons (D:1)
  3 bats (D:1)
  A frilled lizard (D:2)
23 creatures vanquished.

Notes
Turn   | Place    | Note
-------+----------+-------------------------------------------
     0 | D:1      | qw the Gargoyle Fighter began the quest for the Orb.
     0 | D:1      | Reached XP level 1. HP: 14/14 MP: 1/1
     0 | D:1      | 0 ||| qw: Version: 0.3-a-24-ga2abf7b
     0 | D:1      | 0 ||| qw: Game counter: 6892
     0 | D:1      | 0 ||| qw: Melee chars always use a shield: true
     0 | D:1      | 0 ||| qw: God list: Okawaru
     0 | D:1      | 0 ||| qw: Allow faded altars: false
     0 | D:1      | 0 ||| qw: Do Orc after clearing Dungeon:15 true
     0 | D:1      | 0 ||| qw: Do second Lair branch before Depths: true
     0 | D:1      | 0 ||| qw: Lair rune preference: random
     0 | D:1      | 0 ||| qw: Goals: Normal, Zot:1-4, Slime:5, God:TSO, Crypt,
                  | Tomb, Abyss, Pan, Hells, Win
     0 | D:1      | 0 ||| PLANNING D:1-11
    90 | D:1      | 90 ||| Stepping ~*~*~tactically~*~*~ (stealth).
   104 | D:1      | 104 ||| Stepping ~*~*~tactically~*~*~ (stealth).
   106 | D:1      | 106 ||| Stepping ~*~*~tactically~*~*~ (stealth).
   107 | D:1      | 107 ||| Stepping ~*~*~tactically~*~*~ (stealth).
   108 | D:1      | 108 ||| Stepping ~*~*~tactically~*~*~ (stealth).
   120 | D:1      | Reached XP level 2. HP: 19/19 MP: 2/2
   120 | D:1      | 120 ||| Stepping ~*~*~tactically~*~*~ (stealth).
   122 | D:1      | 122 ||| Stepping ~*~*~tactically~*~*~ (stealth).
   128 | D:1      | 128 ||| Stepping ~*~*~tactically~*~*~ (stealth).
   130 | D:1      | 130 ||| Stepping ~*~*~tactically~*~*~ (stealth).
   196 | D:1      | 196 ||| DROPPING +0 club.
   719 | D:1      | Reached skill level 3 in Axes
   906 | D:1      | Reached XP level 3. HP: 23/23 MP: 3/3
   961 | D:1      | 961 ||| UPGRADING to amulet of faith.
   966 | D:1      | 966 ||| READING 3 scrolls labelled YMAFEG WIPTYTZ.
   967 | D:1      | 967 ||| READING scroll labelled RITHEKOCEL.
   968 | D:1      | 968 ||| READING scroll labelled FEEDWO VUCANK.
   982 | D:1      | 982 ||| DRINKING 2 murky yellow potions.
   983 | D:1      | 983 ||| DRINKING 2 red potions.
   984 | D:1      | 984 ||| READING 2 scrolls of identify.
   984 | D:1      | 984 ||| IDENTIFYING glowing dark potion
   985 | D:1      | 985 ||| DROPPING potion of invisibility.
  1047 | D:2      | Noticed Sigmund
  1048 | D:2      | 1048 ||| Stepping ~*~*~tactically~*~*~ (hiding).
  1052 | D:2      | HP: 3/23 [Sigmund/+3 scythe of flaming (4)]
  1055 | D:2      | HP: 1/23 [Sigmund/+3 scythe of flaming (1)]
  1058 | D:2      | Mangled by Sigmund

Levels and vault maps discovered:
D:1:      saegor_arrival_simple_b, layout_basic
D:2:      layout_loops_cross, uniq_robin, uniq_sigmund

Skill      XL: |  1  2 |
---------------+-------+-----
Axes           | 2 3 |  3.2
Fighting       | |  3.2
Armour         | |  3.2
Shields        | |  3.2

Action                     || total
---------------------------++-------
  Melee: War axe           ||    71
    Use: Scroll            ||     4
         Potion            ||     2
   Stab: Invisible         ||     1
 Armour: Scale mail        ||    31
  Dodge: Dodged            ||    34
  Block: Buckler           ||    10

Table legend:
 A = Non-vault XP
 B = Vault XP
 C = Vault XP percentage of total XP
 D = Non-vault monster count
 E = Vault monster count
 F = Vault count percentage of total count
                 A         B        C        D         E       F
            +---------+---------+-------+---------+---------+-------
      Total |      41 |       0 |   0.0 |      23 |       0 |   0.0
            +---------+---------+-------+---------+---------+-------
        D:1 |      34 |       0 |   0.0 |      20 |       0 |   0.0
        D:2 |       7 |       0 |   0.0 |       3 |       0 |   0.0
            +---------+---------+-------+---------+---------+-------
